 Dungeon Crawl Stone Soup version 0.28-a0-863-g8cecda6153 (webtiles) character file.

Game seed: 14242311092028745284

11 Ijustatesigmund the Skirmisher (level 2, 0/24 HPs)
             Began as a Demonspawn Fighter on Nov 19, 2021.
             Slain by a goblin (1 damage)
             ... on level 2 of the Dungeon.
             The game lasted 00:00:42 (597 turns).

Ijustatesigmund the Skirmisher (Demonspawn Fighter)  Turns: 597, Time: 00:00:43

Health: 0/24       AC:  7    Str: 16    XL:     2   Next: 17%
Magic:  2/2        EV:  9    Int:  9    God:
Gold:   54         SH:  4    Dex: 12    Spells: 1/1 levels left

rFire   . . .      SeeInvis .   a - +0 war axe
rCold   . . .      Faith    .   c - +0 buckler
rNeg    . . .      Spirit   .   b - +0 scale mail
rPois   .          Reflect  .   (no helmet)
rElec   .          Harm     .   (no cloak)
rCorr   .          Rampage  .   (no gloves)
Will    .....                   e - +0 pair of boots
Stlth   ..........              (no amulet)
HPRegen 0.08/turn               (no ring)
MPRegen 0.08/turn               (no ring)

@: no status effects
A: demonic guardian 1
a: no special abilities


You were on level 2 of the Dungeon.
You visited 1 branch of the dungeon, and saw 2 of its levels.

You collected 54 gold pieces.

Inventory:

Hand Weapons
 a - a +0 war axe (weapon)
Armour
 b - a +0 scale mail (worn)
 c - a +0 buckler (worn)
 e - a +0 pair of boots (worn)
Scrolls
 f - a scroll of teleportation {unknown}
Potions
 d - a potion of might
 g - a potion of resistance {unknown}


   Skills:
 + Level 3.3 Fighting
 + Level 2.2 Axes
 - Level 2.6 Armour
 - Level 2.6 Shields


You had one spell level left.
You didn't know any spells.
Your spell library contained the following spells:

 Spells                   Type           Power      Damage    Failure   Level
 Summon Small Mammal      Summ           0%         N/A       86%         1
 Call Canine Familiar     Summ           0%         N/A       99%         3
 Summon Guardian Golem    Hex/Summ       0%         N/A       99%         3


Dungeon Overview and Level Annotations

Branches:
Dungeon (2/15)

Altars:


Innate Abilities, Weirdness & Mutations

A weak demonic guardian rushes to your aid.


Message History

The orc hits you but does no damage. The goblin barely misses you.
The kobold hits you but does no damage.
A jackal comes into view.
The orc hits you but does no damage. You block the goblin's attack.
The kobold hits you but does no damage. The orc barely misses you.
You block the goblin's attack. The kobold hits you with a +0 dagger.
The orc hits you with a +0 club.
* * * LOW HITPOINT WARNING * * *
The goblin hits you but does no damage. The kobold hits you with a +0 dagger.
* * * LOW HITPOINT WARNING * * *
You block the orc's attack. The goblin hits you but does no damage.
The kobold hits you but does no damage. The orc hits you with a +0 club.
* * * LOW HITPOINT WARNING * * *
A demonic guardian appears!
The goblin barely misses you. The kobold barely misses you.
The orc hits you but does no damage. You block the goblin's attack.
Your ufetubus hits the kobold but does no damage. x2
You block the kobold's attack.
A jackal comes into view.
Your ufetubus barely misses the kobold.
Your ufetubus hits the kobold but does no damage.
The orc hits you but does no damage. The goblin hits you but does no damage.
The kobold hits you but does no damage.
Your ufetubus hits the kobold.
Your ufetubus closely misses the kobold.
The jackal moves out of view.
A jackal comes into view.
The orc hits you but does no damage.
Your ufetubus closely misses the kobold.
Your ufetubus hits the kobold.
The kobold dies!
The goblin hits you but does no damage.
Your ufetubus hits the giant cockroach. x2
The giant cockroach dies!
The orc barely misses you. The goblin completely misses you.
The orc hits you with a +0 club.
* * * LOW HITPOINT WARNING * * *
A demonic guardian appears!
The goblin hits you with a +0 club.
You die...

.....##.#
#....##.#
#....##.#
#....##.# #.##
#....##.#
.....#....#..##
#..hh#....<#
#..##.##gh.....#
......o@##.....#
..#...5.########
##.5..# ##...#
#...# #.### ..
###


You could see an orc (ally target), 2 jackals, a goblin, a friendly shadow imp
(summoned) and a friendly ufetubus (summoned).

Vanquished Creatures
  A goblin (D:1)
  4 hobgoblins (D:1)
  2 bats (D:1)
  A rat (D:1)
8 creatures vanquished.

Vanquished Creatures (collateral kills)
  A giant cockroach (D:2)
  A kobold (D:2)
2 creatures vanquished.

Grand Total: 10 creatures vanquished

Notes
Turn   | Place    | Note
-------+----------+-------------------------------------------
     0 | D:1      | Ijustatesigmund the Demonspawn Fighter began the quest for
                  | the Orb.
     0 | D:1      | Reached XP level 1. HP: 18/18 MP: 1/1
    97 | D:1      | Found a faded altar of an unknown god.
   492 | D:1      | Gained mutation: A weak demonic guardian rushes to your
                  | aid. [demonic ancestry]
   492 | D:1      | Reached XP level 2. HP: 19/24 MP: 2/2
   597 | D:2      | HP: 1/24 [orc (2)]
   597 | D:2      | Slain by a goblin

Illustrated notes

Levels and vault maps discovered:
D:1:      wander_arrival_peaceful_grave, layout_basic,
          dreamdust_ecumenical_altar_grove, minmay_ruptured
D:2:      layout_rooms, minmay_cupped

Skill      XL: |  1 |
---------------+----+-----
Axes           | 2 |  2.2
Fighting       | |  3.3
Armour         | |  2.6
Shields        | |  2.6

Action                   || total
-------------------------++-------
Melee: War axe           ||    33
Armor: Scale mail        ||    55
Dodge: Dodged            ||    40
Block: Buckler           ||    25

Table legend: (Time is in decaauts)
 A = Elapsed time spent in this place.
 B = Non-inter-level travel time spent in this place.
 C = Inter-level travel time spent in this place.
 D = Time resting spent in this place.
 E = Time spent auto-exploring this place.
 F = Levels seen in this place.
 G = Mean time per level.
                   A        B        C        D        E       F      G
               +--------+--------+--------+--------+--------+-----+--------+
         Total |    611 |    603 |      8 |      0 |    479 |   2 |  305.5 |
       Dungeon |    611 |    603 |      8 |      0 |    479 |   2 |  305.5 |
               +--------+--------+--------+--------+--------+-----+--------+

Top non-repeatable levels by time:
     D:1: 514 daAuts
     D:2: 96 daAuts
